 Dungeon Crawl Stone Soup version 0.29-a0-323-g050149af67 (webtiles) character file.

Game seed: 6279962026267941386

4606 dianekeaton the Bludgeoner (level 10, 0/77 HPs)
             Began as a Minotaur Fighter on Apr 11, 2022.
             Was a High Priest of Okawaru.
             Slain by Prince Ribbit (8 damage)
             ... in a bailey.
             The game lasted 00:24:59 (7331 turns).

dianekeaton the Bludgeoner (Minotaur Fighter)       Turns: 7331, Time: 00:25:00

Health: 0/77       AC: 10    Str: 23    XL:     10   Next: 19%
Magic:  8/9        EV: 13    Int:  5    God:    Okawaru [*****.]
Gold:   355        SH:  4    Dex: 12    Spells: 7/9 levels left

rFire   . . .      SeeInvis .   p - +5 flail
rCold   . . .      Faith    .   c - +0 buckler
rNeg    . . .      Spirit   .   b - +0 scale mail
rPois   .          Reflect  .   (helmet restricted)
rElec   .          Harm     .   e - +0 cloak
rCorr   .          Rampage  .   h - +0 pair of gloves
Will    .....                   C - +0 pair of boots
Stlth   ..........              n - amulet of regeneration
HPRegen 1.02/turn               o - +4 ring of evasion
MPRegen 0.11/turn               f - ring of flight

@: flying, studying Short Blades
A: horns 2, retaliatory headbutt
a: Renounce Religion, Heroism, Finesse, Duel


You were in a bailey.
You worshipped Okawaru.
Okawaru was extremely pleased with you.
You visited 1 branch of the dungeon, and saw 9 of its levels.
You also visited: Bailey.

You collected 364 gold pieces.
You spent 9 gold pieces at shops.

Inventory:

Hand Weapons
 p - a +5 flail (weapon)
 E - a +2 quarterstaff of chaos
Missiles
 r - 9 poisoned darts
 K - 4 boomerangs (quivered)
Armour
 b - a +0 scale mail (worn)
 c - a +0 buckler (worn)
 e - a +0 cloak (worn)
 h - a +0 pair of gloves (worn)
 C - a +0 pair of boots (worn)
Jewellery
 f - a ring of flight (right hand)
 n - an amulet of regeneration (around neck)
 o - a +4 ring of evasion (left hand)
 t - a ring of ice
 v - a +6 ring of intelligence
 A - an amulet of guardian spirit
 F - a ring of positive energy
Wands
 B - a wand of flame (6)
 D - a wand of acid (4)
 I - a wand of iceblast (12)
Scrolls
 w - a scroll of vulnerability
 y - 2 scrolls of identify
 z - a scroll of fear {unknown}
 G - 2 scrolls of blinking {unknown}
 H - a scroll of magic mapping {unknown}
 M - a scroll of fog
Potions
 a - 3 potions of curing
 d - 2 potions of attraction
 g - 2 potions of flight
 i - a potion of lignification
 j - 2 potions of haste {unknown}
 k - a potion of cancellation {unknown}
 l - 2 potions of brilliance {unknown}
 m - 2 potions of ambrosia {unknown}
 q - a potion of degeneration {unknown}
 s - a potion of heal wounds {unknown}
 x - a potion of magic {unknown}
 L - a potion of mutation {unknown}


   Skills:
 - Level 3.6 Fighting
 + Level 17.1 Maces & Flails
 + Level 2.2 Throwing
 - Level 3.6 Armour
 - Level 1.0 Stealth
 - Level 3.6 Shields


You had 7 spell levels left.
You knew the following spells:

 Your Spells              Type           Power      Damage    Failure   Level
a - Blink                 Tloc           0%         N/A       95%         2

Your spell library contained the following spells:

 Spells                   Type           Power      Damage    Failure   Level
 Slow                     Hex            0%         N/A       86%         1
 Corpse Rot               Necr/Air       0%         N/A       95%         2
 Confusing Touch          Hex            0%         N/A       99%         3
 Lesser Beckoning         Tloc           0%         N/A       99%         3
 Vampiric Draining        Necr           0%         2d6       99%         3
 Dispel Undead            Necr           0%         3d6       100%        4
 Borgnjor's Vile Clutch   Necr/Erth      0%         N/A       100%        5
 Manifold Assault         Tloc           0%         N/A       100%        5
 Eringya's Noxious Bog    Tmut/Pois      0%         N/A       100%        6
 Summon Small Mammal      Summ           Unusable   N/A       N/A         1
 Call Canine Familiar     Summ           Unusable   N/A       N/A         3
 Summon Guardian Golem    Hex/Summ       Unusable   N/A       N/A         3
 Animate Dead             Necr           Unusable   N/A       N/A         4
 Summon Lightning Spire   Summ/Air       Unusable   N/A       N/A         4
 Death Channel            Necr           Unusable   N/A       N/A         6
 Summon Hydra             Summ           Unusable   N/A       N/A         7

Dungeon Overview and Level Annotations

Branches:
Dungeon (9/15)             Temple (0/1) D:4          Bailey (1/1)
   Lair: D:8-11         Orc: D:9-12

Altars:
Cheibriados
Dithmenos
Elyvilon
Gozag
Nemelex Xobeh
Okawaru
Qazlal
Ru
Sif Muna
Uskayaw
Vehumet
Xom
The Shining One

Shops:
D:1 (   D:4 *   D:8 *

Annotations:
Bailey Prince Ribbit


Innate Abilities, Weirdness & Mutations

You have a pair of horns on your head.
You reflexively headbutt those who attack you in melee.


Message History

Casting: Blink (dangerous; 95% risk of failure)
Confirm with . or Enter, or press ? or * to list all spells.
Okay, then.
You gain the combat prowess of a mighty hero.
Prince Ribbit closely misses you. You furiously retaliate!
You headbutt Prince Ribbit! The vault guard completely misses you.
You hit the vault guard.
The vault guard is heavily wounded.
Prince Ribbit hits you!
* * * LOW HITPOINT WARNING * * *
The vault guard closely misses you.
As you read the scroll of teleportation, it crumbles to dust.
You feel strangely unstable. Prince Ribbit closely misses you.
The vault guard hits you with a +0 broad axe!
* * * LOW HITPOINT WARNING * * *
Prince Ribbit closely misses you.
The vault guard attacks as you move away!
The vault guard hits you but does no damage.
Prince Ribbit attacks as you move away! Prince Ribbit barely misses you.
Your surroundings seem slightly different.
You block Prince Ribbit's attack. Prince Ribbit hits you.
* * * LOW HITPOINT WARNING * * *
Prince Ribbit blinks!
The vault guard attacks as you move away!
The vault guard hits you with a +0 broad axe.
* * * LOW HITPOINT WARNING * * *
The vault guard attacks as you move away!
You block the vault guard's attack.
The vault guard attacks as you move away!
The vault guard barely misses you.
You feel like a meek peon again.
You feel better. The vault guard closely misses you.
The vault guard hits you with a +0 broad axe!
* * * LOW HITPOINT WARNING * * *
The vault guard attacks as you move away!
The vault guard closely misses you. You furiously retaliate!
You headbutt the vault guard, but do no damage.
Prince Ribbit hits you!
You die...

####### +..∩..# ###≈≈≈≈≈###
######)....#
##≈≈≈≈≈≈≈≈≈##+#...)'..∩..#
##≈≈≈≈≈≈≈≈≈≈≈#.....[##...##
#≈≈≈≈≈≈≈≈≈≈≈##.......#####
## #≈...≈.≈.≈≈#######...#
... #.....≈..≈≈≈≈#..##..#
....#...≈.....pF.#..#...#
.∩..'...≈.≈≈≈≈≈.@)..#...#
....#....≈≈≈≈≈≈≈≈#.....##
F..##...≈≈≈####≈≈#....## ##
#≈..≈≈### #########
#≈≈≈.≈## ##≈≈.≈# ##≈.≈#
###.+ ##


You could see a vault guard and Prince Ribbit.

Vanquished Creatures
  A troll (D:7)
  A hornet (D:7)
  A wyvern (D:8)
  2 humans (Bailey)
  A wraith (D:7)
  A water moccasin (D:5)
  An orc warrior (D:5)
  3 sky beasts
  An ogre (D:4)
  3 ice beasts
  A kobold brigand (D:6)
  Blork the orc (D:5)
  3 necrophages (D:5)
  8 bullfrogs
  A gnoll sergeant (D:7)
  2 scorpions
  7 wights
  9 killer bees
  4 hounds
  An orc priest (D:6)
  Crazy Yiuf (D:6)
  7 iguanas
  Terence (D:3)
  Natasha (twice) (D:4)
  7 orc wizards
  23 gnolls
  5 adders
  3 ufetubi
  25 orcs
  6 bats
  14 endoplasms
  4 giant cockroaches
  8 goblins
  12 hobgoblins
  3 quokkas
  6 ball pythons
  5 frilled lizards
  8 kobolds
  5 rats
197 creatures vanquished.

Vanquished Creatures (others)
  7 fungi
7 creatures vanquished.

Grand Total: 204 creatures vanquished

Notes
Turn   | Place    | Note
-------+----------+-------------------------------------------
     0 | D:1      | dianekeaton the Minotaur Fighter began the quest for the
                  | Orb.
     0 | D:1      | Reached XP level 1. HP: 19/19 MP: 0/0
    83 | D:1      | Reached skill level 3 in Maces & Flails
   202 | D:1      | Reached XP level 2. HP: 23/26 MP: 1/1
   292 | D:1      | Found Woihau's Weapon Emporium.
   729 | D:2      | Reached skill level 4 in Maces & Flails
   942 | D:2      | Reached XP level 3. HP: 30/31 MP: 2/2
  1108 | D:2      | Reached skill level 5 in Maces & Flails
  1201 | D:2      | Reached XP level 4. HP: 39/39 MP: 3/3
  1224 | D:2      | Got the Grimoire of Virous Calling
  1290 | D:2      | Learned a level 2 spell: Blink
  1445 | D:3      | Noticed a scorpion
  1468 | D:3      | Killed a scorpion
  1469 | D:3      | Reached skill level 6 in Maces & Flails
  1469 | D:3      | Reached XP level 5. HP: 36/45 MP: 4/4
  1723 | D:3      | Found a white marble altar of Elyvilon.
  1724 | D:3      | Found a sacrificial altar of Ru.
  1724 | D:3      | Found a stormy altar of Qazlal.
  1911 | D:3      | Reached skill level 7 in Maces & Flails
  2007 | D:3      | Noticed Terence
  2031 | D:3      | Killed Terence
  2035 | D:3      | Reached XP level 6. HP: 39/51 MP: 5/5
  2046 | D:3      | Found an iron altar of Okawaru.
  2056 | D:3      | Became a worshipper of Warmaster Okawaru
  2400 | D:4      | Found a staircase to the Ecumenical Temple.
  2552 | D:4      | Found a shimmering altar of Xom.
  2625 | D:4      | Found a radiant altar of Vehumet.
  2699 | D:4      | Reached skill level 8 in Maces & Flails
  2821 | D:4      | Noticed Natasha
  2825 | D:4      | Killed Natasha
  2964 | D:4      | Noticed Natasha
  2966 | D:4      | Found Zecvayfe's CLEARANCE SALE!.
  2982 | D:4      | Killed Natasha
  2999 | D:4      | Bought a potion of curing for 9 gold pieces
  3136 | D:4      | Found an opulent altar of Gozag.
  3300 | D:5      | Entered Level 5 of the Dungeon
  3318 | D:4      | Reached skill level 9 in Maces & Flails
  3318 | D:4      | Reached XP level 7. HP: 29/57 MP: 6/6
  3383 | D:5      | Reached * piety under Okawaru
  3418 | D:5      | Reached skill level 10 in Maces & Flails
  3499 | D:5      | Found a shadowy altar of Dithmenos.
  3559 | D:5      | Reached ** piety under Okawaru
  3560 | D:5      | Reached skill level 11 in Maces & Flails
  3560 | D:5      | Reached skill level 1 in Stealth
  3569 | D:5      | Reached XP level 8. HP: 51/64 MP: 7/7
  3773 | D:5      | Reached skill level 12 in Maces & Flails
  3878 | D:5      | Found a sparkling altar of Nemelex Xobeh.
  3880 | D:5      | Found a snail-covered altar of Cheibriados.
  3938 | D:5      | Noticed Blork the orc
  3943 | D:5      | Killed Blork the orc
  4302 | D:5      | Reached skill level 13 in Maces & Flails
  4339 | D:6      | Reached *** piety under Okawaru
  4510 | D:6      | Reached XP level 9. HP: 65/70 MP: 8/8
  4571 | D:6      | Reached skill level 14 in Maces & Flails
  4608 | D:6      | Found a shimmering blue altar of Sif Muna.
  4959 | D:6      | Found a runed translucent door.
  4960 | D:6      | Noticed Crazy Yiuf
  5323 | D:6      | Killed Crazy Yiuf
  5420 | D:7      | Noticed a troll
  5428 | D:7      | Killed a troll
  5488 | D:7      | Found a hide-covered altar of Uskayaw.
  5653 | D:7      | Identified the +5 ring mail of Eternal Vigilance {Harm rC+
                  | Regen+}
  5787 | D:7      | Reached skill level 15 in Maces & Flails
  6034 | D:7      | Reached **** piety under Okawaru
  6602 | D:8      | Found a glowing golden altar of the Shining One.
  6610 | D:8      | Noticed a boulder beetle
  6737 | D:8      | Found Naskau's Overcharged Wands.
  6759 | D:8      | Reached skill level 16 in Maces & Flails
  6767 | D:8      | Reached skill level 1 in Throwing
  6906 | D:9      | Reached XP level 10. HP: 31/72 MP: 9/9
  6974 | D:8      | Found a flagged portal.
  6987 | Bailey   | Entered a bailey
  7214 | Bailey   | Reached ***** piety under Okawaru
  7256 | Bailey   | Reached skill level 17 in Maces & Flails
  7298 | Bailey   | Noticed a vault guard
  7298 | Bailey   | Noticed Prince Ribbit
  7325 | Bailey   | HP: 1/77 [vault guard/+0 broad axe (4)]
  7331 | Bailey   | Slain by Prince Ribbit

Illustrated notes

Levels and vault maps discovered:
D:1:      dpeg_arrival_three_same_balls, layout_rooms, serial_shops,
          nicolae_shop_bloodbath_and_beyond
D:2:      layout_basic, amcnicky_mini_corridor_feature
D:3:      layout_basic, okawaru_metal_pillars_1_2,
          chequers_temple_overflow_statue_of_worship, minmay_bisected,
          uniq_terence
D:4:      layout_loops_ring, mainiacjoe_overflow_tiny_flanked, xom_butterflies,
          pf_just_have_faith, minmay_temple_entry_junction,
          nicolae_shop_clearance, uniq_natasha
D:5:      layout_cave_pools, nicolae_overflow_hidden_temple,
          corexii_checkpoint_a, dreamdust_gnoll_farm, uniq_blork_the_orc
D:6:      layout_loops_ring, nicolae_overflow_crystal_walls,
          uniq_crazy_yiuf_cottage
D:7:      layout_gridville, nicolae_uskayaw_suspiria
D:8:      layout_rooms, lemuel_crystal_altar, tso_metal_star,
          lightli_bailey_entry_fortress, nicolae_shop_overcharged_wands
D:9:      layout_grid_maze, nicolae_hepliaklqana_hippocampus
Bailey:   bailey_axe_froggy_fort_hellmonk, bailey

Skill      XL: |  1  2  3  4  5  6  7  8  9 10 |
---------------+-------------------------------+-----
Maces & Flails | 3 4 5 6 7 9 11 13 16 17 | 17.1
Stealth        | 1 |  1.0
Throwing       | 1 2 |  2.2
Fighting       | |  3.6
Armour         | |  3.6
Shields        | |  3.6

Action                   |  1- 3 |  4- 6 |  7- 9 | 10-12 || total
-------------------------+-------+-------+-------+-------++-------
Melee: Flail             |    79 |   110 |   268 |    47 ||   504
       Headbutt          |     6 |    13 |    39 |    11 ||    69
Throw: Boomerang         |       |       |    13 |     4 ||    17
Invok: Heroism           |       |       |       |     1 ||     1
  Use: Scroll            |     4 |     2 |     5 |     1 ||    12
       Potion            |       |     3 |     7 |     1 ||    11
Armor: Scale mail        |    37 |    30 |   111 |     9 ||   187
Dodge: Dodged            |    33 |    49 |   200 |    35 ||   317
Block: Buckler           |    15 |    21 |    52 |     9 ||    97

Table legend: (Time is in decaauts)
 A = Elapsed time spent in this place.
 B = Non-inter-level travel time spent in this place.
 C = Inter-level travel time spent in this place.
 D = Time resting spent in this place.
 E = Time spent auto-exploring this place.
 F = Levels seen in this place.
 G = Mean time per level.
                   A        B        C        D        E       F      G
               +--------+--------+--------+--------+--------+-----+--------+
         Total |   7317 |   7152 |    165 |    782 |   3421 |  10 |  731.7 |
       Dungeon |   6983 |   6818 |    165 |    567 |   3421 |   9 |  775.9 |
        Bailey |    334 |    334 |      0 |    215 |      0 |   1 |  334.0 |
               +--------+--------+--------+--------+--------+-----+--------+

Top non-repeatable levels by time:
     D:7: 1126 daAuts
     D:6: 1088 daAuts
     D:4: 995 daAuts
     D:3: 979 daAuts
     D:5: 917 daAuts
     D:1: 725 daAuts
     D:2: 701 daAuts
  Bailey: 334 daAuts
     D:8: 312 daAuts
     D:9: 135 daAuts
